 Dungeon Sprint DCSS version 0.27.1-33-g824d729ab1 (webtiles) character file.

Game seed: 12363191879204539839

263 Adenis the Unseen (level 5, -6/42 HPs)
             Began as a Vampire Brigand on Dec 3, 2021.
             Splashed by a jelly's acid (10 damage)
             ... in the Dungeon (Sprint I: "Red Sonja").
             The game lasted 00:00:34 (260 turns).

Adenis the Unseen (Vampire Brigand)                  Turns: 260, Time: 00:00:35

Health: -6/42      AC: -9    Str: 10    XL:     5   Next: 98%
Magic:  5/5        EV: 12    Int: 13    God:
Gold:   162        SH:  0    Dex: 17    Spells: 4/4 levels left

rFire    . . .     SeeInvis +   a - +2 dagger
rCold    . . .     Faith    .   (no shield)
rNeg     . . .     Spirit   .   b - +0 robe
rPois    .         Reflect  .   (no helmet)
rElec    .         Harm     .   c - +0 cloak
rCorr    .         Rampage  .   (no gloves)
Will     .....     NoTele   +   (no boots)
Stlth    ++++++....             (no amulet)
HPRegen  0.34/turn              (no ring)
MPRegen  0.09/turn              (no ring)

@: corroded, healing quickly
A: alive, fangs 3, see invisible, vampiric 2
a: Exsanguinate


You were in the Dungeon.
You visited 1 branch You collected 162 gold pieces.

Inventory:

Hand Weapons
 a - a +2 dagger (weapon)
Missiles
 d - 8 poisoned darts (quivered)
 e - 2 curare-tipped darts
Armour
 b - a +0 robe (worn)
 c - a +0 cloak (worn)
Wands
 l - a wand of polymorph (7)
Scrolls
 k - a scroll of blinking
 m - a scroll of summoning {unknown}
Potions
 f - a potion of curing
 g - a potion of heal wounds
 h - a potion of haste
 i - 2 potions of magic
 j - a potion of might


   Skills:
 + Level 3.8 Fighting
 + Level 4.7 Short Blades
 + Level 3.2 Throwing
 + Level 2.3 Dodging
 + Level 15.8 Stealth


You had 4 spell levels left.
You didn't know any spells.
Your spell library was empty.

Dungeon Overview and Level Annotations

Branches:
Dungeon (1/1)

Altars:
Sif Muna
Vehumet
Wu Jian


Innate Abilities, Weirdness & Mutations

Your natural rate of healing is accelerated.
You have razor-sharp teeth.
You have supernaturally acute eyesight. (SInv)
You are afflicted with vampirism and can become a bat while bloodless.


Message History

You feel yourself slow down.
You start resting.
You feel yourself speed up.
You start resting.
You recover from your berserk rage.
You start resting.
HP restored.
You start waiting.
Done waiting.
You open the door.
Found 108 gold pieces.
There is an open door here.
You now have 81 gold pieces (gained 27).
You now have 108 gold pieces (gained 27).
You now have 135 gold pieces (gained 27).
You now have 162 gold pieces (gained 27).
You open the door.
Found a scroll labelled ALORAI XATA and 12 sling bullets.
Found two altars.
A jelly comes into view.
There is an open door here.
Found a radiant altar of Vehumet.
You see here a scroll labelled ALORAI XATA.
m - a scroll labelled ALORAI XATA The jelly quivers.
The jelly hits you.
You are splashed with acid!
You see here 12 sling bullets.
You hit the jelly.
Your hands burn!
The jelly is lightly wounded.
You hit the jelly but do no damage. The acid corrodes you!
Your hands burn!
The jelly is lightly wounded.
The jelly hits you. The acid corrodes you!
You are splashed with acid!
* * * LOW HITPOINT WARNING * * *
You hit the jelly. The acid corrodes you!
Your hands burn!
* * * LOW HITPOINT WARNING * * *
The jelly is heavily wounded.
The jelly hits you.
* * * LOW HITPOINT WARNING * * *
You are splashed with acid!
You die...

################
#<.#.)'..#..'..#
#..'..#.)').#..+
#..#####'#####'#
#..# #..# #.#
#..# #### #@#
#..# #_J+ #⌠⌠#
..._# ####
#_.#+# ##+


You could see a jelly.

Vanquished Creatures
  Sigmund (D)
  An ogre (D)
  Ijyb (D)
3 creatures vanquished.

Notes
Turn   | Place    | Note
-------+----------+-------------------------------------------
     0 | D        | Adenis the Vampire Brigand began the quest for the Orb.
     0 | D        | Reached XP level 1. HP: 16/16 MP: 1/1
     2 | D        | Noticed Ijyb
     6 | D        | Killed Ijyb
     7 | D        | Reached skill level 9 in Stealth
     7 | D        | Reached XP level 2. HP: 22/22 MP: 2/2
     9 | D        | Noticed an ogre
    13 | D        | Killed an ogre
    14 | D        | Reached skill level 13 in Stealth
    14 | D        | Gained mutation: You are afflicted with vampirism and can
                  | become a bat while bloodless. [Vampire growth]
    14 | D        | Reached XP level 3. HP: 28/28 MP: 3/3
    14 | D        | Reached XP level 4. HP: 34/34 MP: 4/4
    24 | D        | Noticed Sigmund
    37 | D        | Killed Sigmund
    38 | D        | Reached skill level 15 in Stealth
    38 | D        | Reached XP level 5. HP: 4/42 MP: 5/5
   253 | D        | Found an ornate altar of the Wu Jian Council.
   253 | D        | Found a shimmering blue altar of Sif Muna.
   255 | D        | Found a radiant altar of Vehumet.
   260 | D        | Splashed by a jelly's acid

Illustrated notes

Levels and vault maps discovered:
D:        dungeon_sprint_1 [red_sonja_temple_1, red_sonja_temple_small_1]

Skill      XL: |  1  2  3  4 |
---------------+-------------+-----
Fighting       | 2 3 |  3.8
Throwing       | 2 3 |  3.2
Stealth        | 9 13 15 | 15.8
Short Blades   | 3 4 |  4.7
Dodging        | 2 |  2.3

Action                   |  1- 3 |  4- 6 || total
-------------------------+-------+-------++-------
Melee: Dagger            |     2 |    14 ||    16
       Bite              |       |     3 ||     3
  Use: Potion            |       |     1 ||     1
 Stab: Sleeping          |     2 |       ||     2
Dodge: Dodged            |       |     1 ||     1
